 Dungeon Crawl Stone Soup version 0.25.1-2-g60ff931df9 (webtiles) character file.

Game seed: 15539304318086062206

532 demenzo the Skirmisher (level 7, 0/75 HPs)
             Began as an Ogre Hunter on Oct 14, 2020.
             Was an Initiate of Trog.
             Slain by a gnoll (7 damage)
             ... on level 4 of the Dungeon.
             The game lasted 00:07:26 (4507 turns).

demenzo the Skirmisher (Ogre Hunter)                Turns: 4507, Time: 00:07:28

Health: 0/75       AC:  3    Str: 25    XL:     7   Next: 24%
Magic:  7/7        EV: 10    Int: 12    God:    Trog [......]
Gold:   147        SH:  0    Dex:  9    Spells: 6/6 levels left

rFire    . . .     SeeInvis .   x - +1 dagger (venom)
rCold    . . .     Gourm    .   (no shield)
rNeg     . . .     Faith    .   C - +0 robe {MR+}
rPois    .         Spirit   .   (helmet restricted)
rElec    .         Reflect  .   (no cloak)
rCorr    .         Harm     .   (gloves unavailable)
MR       +....                  (boots unavailable)
Stlth    +.........             (no amulet)
HPRegen  0.22/turn              h - +6 ring of strength (curse)
MPRegen  0.10/turn              (no ring)

@: lethally poisoned (0 -> 0)
A: large, unfitting armour, tough skin 1
a: Renounce Religion


You were on level 4 of the Dungeon.
You worshipped Trog.
Trog was noncommittal.
You were not hungry.

You visited 1 branch of the dungeon, and saw 4 of its levels.

You collected 147 gold pieces.

Inventory:

Hand Weapons
 a - a +2 dagger of flaming
 i - a +0 whip
 u - a +0 short sword
 x - a +1 dagger of venom (weapon)
Missiles
 d - a throwing net (quivered)
 e - 14 curare-tipped darts
 g - 101 stones
 k - 22 sling bullets
 w - 12 poisoned darts
Armour
 C - a +0 robe of magic resistance (worn)
Jewellery
 h - a cursed +6 ring of strength (left hand)
Scrolls
 j - a scroll of identify
 l - a scroll of enchant weapon
 m - a scroll of amnesia
 n - 2 scrolls of teleportation {unknown}
 o - a scroll of noise
 s - a scroll of random uselessness
 y - a scroll of fog
 B - a scroll of blinking {unknown}
Potions
 p - a potion of might {unknown}
 q - a potion of magic
 r - a potion of heal wounds {unknown}
 t - a potion of degeneration {unknown}
 v - a potion of flight {unknown}
 z - a potion of curing
Comestibles
 f - 5 rations


   Skills:
 + Level 6.2 Fighting
 + Level 3.6 Maces & Flails
 + Level 5.9 Throwing
 - Level 1.7 Dodging
 - Level 0.6 Stealth


You had 6 spell levels left.
You didn't know any spells.
Your spell library was empty.

Dungeon Overview and Level Annotations

Branches:
Dungeon (4/15)
 Temple: D:4-7

Altars:
Dithmenos
Trog
Vehumet
Wu Jian
The Shining One


Innate Abilities, Weirdness & Mutations

You are too large for most types of armour.
You have tough skin. (AC +1)


Message History

Throwing (i - inventory. (/) - cycle)
d - 2 throwing nets (quivered)
Press: ? - help, Shift-Dir - straight line, f - gnoll
Aim: a gnoll, wielding a +0 flail You throw a throwing net.
The throwing net hits the gnoll.
The gnoll is caught in the net!
The gnoll misses you.
The gnoll struggles against the net.
The gnoll hits you.
* * * LOW HITPOINT WARNING * * *
You strike the helpless gnoll from behind!
You hit the gnoll.
The gnoll is lightly wounded.
The gnoll closely misses you.
The gnoll struggles against the net.
The gnoll hits you.
* * * LOW HITPOINT WARNING * * *
You hit the gnoll.
The gnoll is heavily wounded.
You feel sick.
The gnoll hits you from afar with a +0 spear!
* * * LOW HITPOINT WARNING * * *
The gnoll struggles against the net.
The gnoll hits you!
You die...

.. #...(# ....#.
....###...##.
##...#........
###....#.......#
##.......$.....##
#....##.#........
##g....#g?..##.##.
#@g#..##.g.# ..##.
###g...#...###....
#..........#....
#####..##.......
######..##..
#....###.
#.....#...
#........#
#.....####


You could see 3 gnolls.

Vanquished Creatures
  Eustachio (D:3)
  3 orc priests
  2 orc wizards
  Natasha (thrice) (D:2)
  A worker ant (D:4)
  A gnoll (D:4)
  7 adders
  2 oozes (D:3)
  An adder zombie (D:3)
  2 leopard geckos (D:3)
  12 orcs
  2 ball pythons
  2 giant cockroaches
  6 goblins
  6 hobgoblins
  5 jackals
  A quokka (D:4)
  6 bats
  3 frilled lizards (D:1)
  2 kobolds (D:1)
  6 rats
74 creatures vanquished.

Notes
Turn   | Place    | Note
-------+----------+-------------------------------------------
     0 | D:1      | demenzo the Ogre Hunter began the quest for the Orb.
     0 | D:1      | Reached XP level 1. HP: 22/22 MP: 1/1
   216 | D:1      | Reached skill level 3 in Fighting
   228 | D:1      | Reached XP level 2. HP: 20/31 MP: 2/2
   876 | D:1      | Reached skill level 1 in Maces & Flails
  1133 | D:2      | Reached XP level 3. HP: 36/37 MP: 3/3
  1148 | D:2      | Noticed Natasha
  1154 | D:2      | Killed Natasha
  1356 | D:2      | Noticed Natasha
  1363 | D:2      | Killed Natasha
  1363 | D:2      | Reached skill level 4 in Fighting
  1363 | D:2      | Reached XP level 4. HP: 13/48 MP: 4/4
  1648 | D:2      | Noticed Natasha
  1652 | D:2      | Killed Natasha
  1815 | D:2      | Found an ornate altar of the Wu Jian Council.
  1825 | D:2      | Found a radiant altar of Vehumet.
  1973 | D:2      | Found a glowing golden altar of the Shining One.
  2009 | D:2      | Reached XP level 5. HP: 55/55 MP: 5/5
  2411 | D:3      | Reached skill level 5 in Throwing
  2704 | D:3      | Found a bloodstained altar of Trog.
  2754 | D:3      | Became a worshipper of Trog the Wrathful
  2796 | D:3      | Reached skill level 5 in Fighting
  2796 | D:3      | Reached XP level 6. HP: 8/66 MP: 6/6
  3514 | D:4      | Found a shadowy altar of Dithmenos.
  3623 | D:4      | Noticed Eustachio
  3647 | D:3      | Killed Eustachio
  4009 | D:4      | Reached XP level 7. HP: 62/74 MP: 7/7
  4166 | D:4      | Reached skill level 6 in Fighting
  4507 | D:4      | Slain by a gnoll

Illustrated notes

Levels and vault maps discovered:
D:1:      dpeg_arrival_ternary, layout_loops_corners
D:2:      layout_loops_cross, lemuel_round_altar,
          amethyst_overflow_temple_binary, first_ration, columned_hall_lemuel,
          uniq_natasha
D:3:      layout_rooms, bloody_trog, kennysheep_generic_room_7
D:4:      layout_cave_pools, grunt_dithmenos_smoke_and_mirrors,
          hangedman_abyss_or_decor_stagger, uniq_eustachio

Skill      XL: |  1  2  3  4  5  6  7 |
---------------+----------------------+-----
Fighting       | 3 4 5 6 |  6.2
Maces & Flails | 1 2 3 |  3.6
Throwing       | 5 |  5.9
Dodging        | |  1.7
Stealth        | |  0.6

Action                   |  1- 3 |  4- 6 |  7- 9 || total
-------------------------+-------+-------+-------++-------
Melee: Short sword       |    95 |    12 |       ||   107
       Dagger            |       |   123 |    29 ||   152
Throw: Large rock        |     5 |    14 |     5 ||    24
       Throwing net      |       |       |     1 ||     1
  Use: Scroll            |       |     5 |       ||     5
       Potion            |       |     4 |       ||     4
 Stab: Sleeping          |     1 |     1 |       ||     2
       Held in net/web   |       |       |     1 ||     1
  Eat: Chunk             |     1 |     9 |     1 ||    11
Armor: Robe              |    30 |    33 |     6 ||    69
Dodge: Dodged            |    75 |    88 |    33 ||   196
